 Dungeon Crawl Stone Soup version 0.21.1-1-g345015fe64 (webtiles) character file.

3266 Napalmbreeze the Cruncher (level 10, -5/64 HPs)
             Began as a Gargoyle Gladiator on July 18, 2018.
             Was an Initiate of Okawaru.
             Slain by an orc warrior
             ... wielding a +0 glaive
              (14 damage)
             ... on level 8 of the Dungeon.
             The game lasted 00:25:44 (7985 turns).

Napalmbreeze the Cruncher (Gargoyle Gladiator)      Turns: 7985, Time: 00:25:44

Health: -5/64      AC: 19    Str: 17    XL:     10   Next: 0%
Magic:  10/10      EV: 10    Int: 10    God:    Okawaru [......]
Gold:   421        SH:  0    Dex: 14    Spells: 9/9 levels left

rFire    . . .     SeeInvis .   a - +0 quarterstaff
rCold    . . .     Gourm    .   (shield currently unavailable)
rNeg     + . .     Faith    .   v - +0 chain mail
rPois    ∞         Spirit   .   c - +0 helmet
rElec    +         Reflect  .   (no cloak)
rCorr    .         Harm     .   h - +0 pair of gloves
MR       .....                  (no boots)
Stlth    ..........             (no amulet)
HPRegen  0.20/turn              p - ring of stealth
MPRegen  0.12/turn              z - +4 ring of slaying

@: no status effects
A: negative energy resistance 1, electricity resistance, unbreathing,
petrification resistance, rot immunity, AC +7
a: Renounce Religion


You were on level 8 of the Dungeon.
You worshipped Okawaru.
Okawaru was noncommittal.
You were hungry.

You visited 2 branches of the dungeon, and saw 9 of its levels.
You also visited: Sewer.

You collected 421 gold pieces.

Inventory:

Hand Weapons
 a - a +0 quarterstaff (weapon)
 A - a +0 glaive
Missiles
 d - 3 throwing nets (quivered)
Armour
 b - a +0 leather armour
 c - a +0 helmet (worn)
 h - a +0 pair of gloves (worn)
 v - a +0 chain mail (worn)
Jewellery
 p - a ring of stealth (left hand)
 r - an uncursed ring of ice {unknown}
 x - an uncursed ring of poison resistance {unknown}
 z - a +4 ring of slaying (right hand)
Wands
 s - a wand of paralysis (12)
 F - a wand of random effects (23)
 G - a wand of flame (49)
 J - a wand of acid (10)
Scrolls
 j - 5 scrolls of teleportation
 l - 2 scrolls of fog
 t - 2 scrolls of enchant weapon {unknown}
 u - 5 scrolls of remove curse {unknown}
 y - a scroll of random uselessness {unknown}
 C - 5 scrolls of identify
 D - 2 scrolls of blinking {unknown}
 E - 2 scrolls of amnesia {unknown}
 M - a scroll of silence {unknown}
Potions
 e - 2 potions of agility
 g - 5 potions of curing
 i - a potion of brilliance {unknown}
 k - a potion of invisibility
 m - 4 potions of berserk rage {unknown}
 n - a potion of cancellation {unknown}
 o - a potion of magic {unknown}
 q - 4 potions of lignification {unknown}
 B - 5 potions of flight
 H - a potion of haste
 I - a potion of might {unknown}
Books
 w - a book of Cantrips

   Spells                             Type                      Level
   a - Confusing Touch                Hexes                        1
   b - Animate Skeleton               Necromancy                   1
   c - Summon Small Mammal            Summoning                    1
   d - Apportation                    Translocation                1
 K - a book of Necromancy

   Spells                             Type                      Level
   a - Pain                           Necromancy                   1
   b - Animate Skeleton               Necromancy                   1
   c - Vampiric Draining              Necromancy                   3
   d - Regeneration                   Charms/Necromancy            3
   e - Animate Dead                   Necromancy                   4
   f - Borgnjor's Vile Clutch         Necromancy/Earth             5
Comestibles
 f - 11 rations


   Skills:
 * Level 8.2 Fighting
 + Level 8.9 Staves
 - Level 1.7 Throwing
 + Level 5.5 Armour
 + Level 5.8 Dodging


You had 9 spell levels left.
You didn't know any spells.

Dungeon Overview and Level Annotations

Branches:
Dungeon (8/15)             Temple (1/1) D:7
   Lair: D:8-11

Altars:
Ashenzari
Cheibriados
Dithmenos
Elyvilon
Fedhas
Gozag
Hepliaklqana
Kikubaaqudgha
Makhleb
Nemelex Xobeh
Okawaru
Qazlal
Ru
Sif Muna
Trog
Uskayaw
Vehumet
Wu Jian
Xom
Yredelemnul
Zin
The Shining One

Shops:
D:5 [   D:6 [


Innate Abilities, Weirdness & Mutations

You are resistant to torment.
Your stone body is resilient. (AC +7)
You are immune to poison.
You resist negative energy. (rN+)
You are resistant to electric shocks. (rElec)
You can survive without breathing.
You are immune to petrification.
You are immune to rotting.


Message History

The orc priest misses you.
The orc zaps a wand.
The puff of flame hits you!
Your chain mail prevents you from hitting the orc priest.
The orc priest is severely wounded.
The orc priest casts a cantrip, but nothing happens.
The orc warrior barely misses you. The orc hits you but does no damage.
An orc priest comes into view. It is wielding a short sword.
You sock the orc priest!
You kill the orc priest!
Okawaru accepts your kill.
You have reached level 10!
The orc warrior hits you with a glaive!
* * * LOW HITPOINT WARNING * * *
You feel better. The orc closely misses you.
The orc warrior hits you from afar with a glaive!
* * * LOW HITPOINT WARNING * * *
The orc priest hits you but does no damage.
You feel better. The orc hits you with a mace.
* * * LOW HITPOINT WARNING * * *
The orc warrior hits you from afar with a glaive!
You die...

..# ..? ..# #.#
######.#######
..%..........
####...o......
####....#@###
#.......o)..#
#.##..)o#.......
#.#...()+.#....#
#.#.....#.#....#
+....)#.#.#....+
########.#.#.#.#.#
...#
......#...#.#.#..
...+
#....#(..#.#.###


You could see an orc warrior, an orc priest and an orc.

Vanquished Creatures
  The ghost of Eurus the Stinger, an amateur NaVM of Cheibriados (D:4)
  Prince Ribbit (D:7)
  Sigmund (D:5)
  Eustachio (D:4)
  The ghost of Eurus the Stinger, an amateur NaVM (D:3)
  Menkaure (D:4)
  Edmund (D:4)
  2 ice beasts
  2 black bears
  2 phantoms
  2 ogres
  2 centaurs
  2 bullfrogs
  A gnoll sergeant (D:3)
  A scorpion (D:4)
  2 electric eels (D:7)
  A howler monkey (D:3)
  A crimson imp (D:6)
  A bullfrog zombie (D:6)
  3 jellies
  2 hounds
  2 orc priests
  2 orc wizards
  2 iguanas
  Terence (D:2)
  A merfolk siren (Sewer)
  3 worker ants
  Ijyb (D:5)
  A merfolk avatar (Sewer)
  A worker ant zombie (D:7)
  Robin (D:3)
  5 gnolls (D:3)
  13 adders
  A river rat (Sewer)
  A shadow imp (D:6)
  3 oozes (D:2)
  2 adder skeletons (D:6)
  7 worms
  3 dart slugs
  5 leopard geckos
  24 orcs
  10 ball pythons
  9 giant cockroaches
  2 gnoll zombies (D:3)
  26 goblins
  4 hobgoblins
  6 jackals
  7 kobolds
  4 quokkas
  4 bats
  10 frilled lizards
  A leopard gecko skeleton (D:4)
  A leopard gecko zombie (D:5)
  29 rats
223 creatures vanquished.

Notes
Turn   | Place    | Note
-------+----------+-------------------------------------------
     0 | D:1      | Napalmbreeze the Gargoyle Gladiator began the quest for the Orb.
     0 | D:1      | Reached XP level 1. HP: 12/12 MP: 1/1
   149 | D:1      | Reached XP level 2. HP: 15/18 MP: 2/2
   591 | D:1      | Reached XP level 3. HP: 22/22 MP: 3/3
  1437 | D:2      | Reached XP level 4. HP: 27/27 MP: 4/4
  1969 | D:2      | Noticed Terence
  1988 | D:2      | Killed Terence
  2042 | D:2      | Reached XP level 5. HP: 32/32 MP: 5/5
  2248 | D:3      | Reached skill level 5 in Staves
  2254 | D:3      | Reached XP level 6. HP: 21/38 MP: 6/6
  2361 | D:3      | Noticed Robin
  2496 | D:3      | Killed Robin
  2616 | D:3      | Noticed Eurus's ghost (amateur NaVM)
  2710 | D:3      | Killed Eurus's ghost
  2710 | D:3      | Reached XP level 7. HP: 37/44 MP: 7/7
  2781 | D:3      | Found a basalt altar of Yredelemnul.
  3104 | D:3      | Found a hazy altar of Hepliaklqana.
  3289 | D:4      | Noticed Eurus's ghost (amateur NaVM)
  3301 | D:4      | Killed Eurus's ghost
  3301 | D:4      | Reached skill level 1 in Armour
  3307 | D:4      | Found an opulent altar of Gozag.
  3380 | D:4      | Found an ornate altar of the Wu Jian Council.
  3407 | D:4      | Noticed Eustachio
  3415 | D:4      | Noticed Edmund
  3419 | D:3      | Reached skill level 5 in Fighting
  3518 | D:4      | Noticed Menkaure
  3530 | D:4      | Killed Menkaure
  3530 | D:4      | Reached XP level 8. HP: 10/49 MP: 8/8
  4010 | D:4      | Killed Eustachio
  4050 | D:4      | Killed Edmund
  4140 | D:4      | Found an ancient bone altar of Kikubaaqudgha.
  4142 | D:4      | Found a snail-covered altar of Cheibriados.
  4143 | D:4      | Found a glowing golden altar of the Shining One.
  4163 | D:4      | Found a blossoming altar of Fedhas.
  4376 | D:5      | Entered Level 5 of the Dungeon
  4380 | D:5      | Found Xixos's Armour Shop.
  4427 | D:5      | Noticed Ijyb
  4438 | D:5      | Killed Ijyb
  4866 | D:5      | Found a blossoming altar of Fedhas.
  4893 | D:5      | Noticed Sigmund
  4921 | D:5      | Killed Sigmund
  4921 | D:5      | Reached skill level 5 in Dodging
  4921 | D:5      | Reached XP level 9. HP: 54/55 MP: 9/9
  5595 | D:6      | Found a glowing drain.
  5604 | Sewer    | Entered a sewer
  6044 | D:6      | Found a deep blue altar of Sif Muna.
  6318 | D:6      | Found Ybanof's Armour Emporium.
  6784 | D:7      | Noticed Prince Ribbit
  6881 | D:7      | Killed Prince Ribbit
  7073 | D:7      | Reached skill level 5 in Armour
  7144 | D:7      | Found a staircase to the Ecumenical Temple.
  7172 | Temple   | Entered the Ecumenical Temple
  7181 | Temple   | Became a worshipper of Warmaster Okawaru
  7384 | D:7      | Found a shimmering altar of Xom.
  7547 | D:7      | Found a transporter.
  7568 | D:7      | Found a transporter.
  7982 | D:8      | Reached XP level 10. HP: 23/64 MP: 10/10
  7985 | D:8      | Slain by an orc warrior

Skill      XL: |  1  2  3  4  5  6  7  8  9 |
---------------+----------------------------+-----
Staves         | 4 5 6 8 |  8.9
Fighting       | 3 4 5 6 8 |  8.2
Dodging        | 3 4 5 |  5.8
Armour         | 2 4 5 |  5.5
Throwing       | |  1.7

Action                   |  1- 3 |  4- 6 |  7- 9 | 10-12 || total
-------------------------+-------+-------+-------+-------++-------
Melee: Quarterstaff      |   131 |   212 |   514 |       ||   857
  Use: Scroll            |       |       |     6 |       ||     6
       Potion            |       |       |     1 |     2 ||     3
  Eat: Chunk             |     2 |     2 |    12 |       ||    16
       Ration            |       |     1 |     1 |       ||     2
Armor: Leather armour    |    65 |     9 |       |       ||    74
       Chain mail        |       |   103 |   285 |     1 ||   389
Dodge: Dodged            |    81 |    77 |   191 |     1 ||   350
